Workbook

Sheet AR Data
A1: Customer | B1: Invoice # | C1: Invoice Date | D1: Due Date | E1: Invoice Amount | F1: Payments | G1: Outstanding Balance | H1: Days Past Due | I1: Aging Bucket
A2: Northstar Realty Group | B2: INV-1001 | C2: 45662 | D2: 45692 | E2: 4200 | F2: 2200 | G2: =E2-F2 | H2: =MAX(0,Dashboard!$B$2-D2) | I2: =IF(G2<=0,"Paid",IF(D2>Dashboard!$B$2,"Current",IF(H2<=30,"1-30",IF(H2<=60,"31-60",IF(H2<=90,"61-90","90+")))))
A3: Crestwood Medical Group | B3: INV-1002 | C3: 45667 | D3: 45697 | E3: 5800 | F3: 1800 | G3: =E3-F3 | H3: =MAX(0,Dashboard!$B$2-D3) | I3: =IF(G3<=0,"Paid",IF(D3>Dashboard!$B$2,"Current",IF(H3<=30,"1-30",IF(H3<=60,"31-60",IF(H3<=90,"61-90","90+")))))
A4: Pinnacle HR Solutions | B4: INV-1003 | C4: 45672 | D4: 45702 | E4: 3100 | F4: 1200 | G4: =E4-F4 | H4: =MAX(0,Dashboard!$B$2-D4) | I4: =IF(G4<=0,"Paid",IF(D4>Dashboard!$B$2,"Current",IF(H4<=30,"1-30",IF(H4<=60,"31-60",IF(H4<=90,"61-90","90+")))))
A5: BlueSky Tech Ventures | B5: INV-1004 | C5: 45677 | D5: 45707 | E5: 7600 | F5: 4100 | G5: =E5-F5 | H5: =MAX(0,Dashboard!$B$2-D5) | I5: =IF(G5<=0,"Paid",IF(D5>Dashboard!$B$2,"Current",IF(H5<=30,"1-30",IF(H5<=60,"31-60",IF(H5<=90,"61-90","90+")))))
A6: Rivera & Associates | B6: INV-1005 | C6: 45682 | D6: 45712 | E6: 4900 | F6: 1500 | G6: =E6-F6 | H6: =MAX(0,Dashboard!$B$2-D6) | I6: =IF(G6<=0,"Paid",IF(D6>Dashboard!$B$2,"Current",IF(H6<=30,"1-30",IF(H6<=60,"31-60",IF(H6<=90,"61-90","90+")))))
A7: Summit Growth Partners | B7: INV-1006 | C7: 45689 | D7: 45719 | E7: 6500 | F7: 3000 | G7: =E7-F7 | H7: =MAX(0,Dashboard!$B$2-D7) | I7: =IF(G7<=0,"Paid",IF(D7>Dashboard!$B$2,"Current",IF(H7<=30,"1-30",IF(H7<=60,"31-60",IF(H7<=90,"61-90","90+")))))
A8: Greenfield Law Group | B8: INV-1007 | C8: 45691 | D8: 45721 | E8: 2800 | F8: 0 | G8: =E8-F8 | H8: =MAX(0,Dashboard!$B$2-D8) | I8: =IF(G8<=0,"Paid",IF(D8>Dashboard!$B$2,"Current",IF(H8<=30,"1-30",IF(H8<=60,"31-60",IF(H8<=90,"61-90","90+")))))
A9: Eastwood Capital Group | B9: INV-1008 | C9: 45693 | D9: 45723 | E9: 5200 | F9: 2100 | G9: =E9-F9 | H9: =MAX(0,Dashboard!$B$2-D9) | I9: =IF(G9<=0,"Paid",IF(D9>Dashboard!$B$2,"Current",IF(H9<=30,"1-30",IF(H9<=60,"31-60",IF(H9<=90,"61-90","90+")))))
A10: Harborview Dental | B10: INV-1009 | C10: 45641 | D10: 45671 | E10: 3600 | F10: 1000 | G10: =E10-F10 | H10: =MAX(0,Dashboard!$B$2-D10) | I10: =IF(G10<=0,"Paid",IF(D10>Dashboard!$B$2,"Current",IF(H10<=30,"1-30",IF(H10<=60,"31-60",IF(H10<=90,"61-90","90+")))))
A11: Maple Ridge Consulting | B11: INV-1010 | C11: 45616 | D11: 45646 | E11: 4400 | F11: 600 | G11: =E11-F11 | H11: =MAX(0,Dashboard!$B$2-D11) | I11: =IF(G11<=0,"Paid",IF(D11>Dashboard!$B$2,"Current",IF(H11<=30,"1-30",IF(H11<=60,"31-60",IF(H11<=90,"61-90","90+")))))
A12: Evergreen Wellness Center | B12: INV-1011 | C12: 45575 | D12: 45605 | E12: 3900 | F12: 400 | G12: =E12-F12 | H12: =MAX(0,Dashboard!$B$2-D12) | I12: =IF(G12<=0,"Paid",IF(D12>Dashboard!$B$2,"Current",IF(H12<=30,"1-30",IF(H12<=60,"31-60",IF(H12<=90,"61-90","90+")))))
A13: Silverline Logistics | B13: INV-1012 | C13: 45687 | D13: 45717 | E13: 2700 | F13: 800 | G13: =E13-F13 | H13: =MAX(0,Dashboard!$B$2-D13) | I13: =IF(G13<=0,"Paid",IF(D13>Dashboard!$B$2,"Current",IF(H13<=30,"1-30",IF(H13<=60,"31-60",IF(H13<=90,"61-90","90+")))))
... A21: North Country Media | B21: INV-1020 | C21: 45706 | D21: 45736 | E21: 1800 | F21: 0 | G21: =E21-F21 | H21: =MAX(0,Dashboard!$B$2-D21) | I21: =IF(G21<=0,"Paid",IF(D21>Dashboard!$B$2,"Current",IF(H21<=30,"1-30",IF(H21<=60,"31-60",IF(H21<=90,"61-90","90+")))))

Sheet Dashboard
A1: ACCOUNTS RECEIVABLE DASHBOARD
A2: As of Date | B2: 45716
D3: Aging Bucket | E3: Outstanding
A4: Total A/R | B4: =SUM('AR Data'!G2:G21) | D4: Current | E4: =SUMIF('AR Data'!I2:I21,D4,'AR Data'!G2:G21)
A5: Current | B5: =SUMIF('AR Data'!I2:I21,"Current",'AR Data'!G2:G21) | D5: 1-30 | E5: =SUMIF('AR Data'!I2:I21,D5,'AR Data'!G2:G21)
A6: 1-30 Days | B6: =SUMIF('AR Data'!I2:I21,"1-30",'AR Data'!G2:G21) | D6: 31-60 | E6: =SUMIF('AR Data'!I2:I21,D6,'AR Data'!G2:G21)
A7: 31-60 Days | B7: =SUMIF('AR Data'!I2:I21,"31-60",'AR Data'!G2:G21) | D7: 61-90 | E7: =SUMIF('AR Data'!I2:I21,D7,'AR Data'!G2:G21)
A8: 61-90 Days | B8: =SUMIF('AR Data'!I2:I21,"61-90",'AR Data'!G2:G21) | D8: 90+ | E8: =SUMIF('AR Data'!I2:I21,D8,'AR Data'!G2:G21)
A9: 90+ Days | B9: =SUMIF('AR Data'!I2:I21,"90+",'AR Data'!G2:G21)
A11: Collection % | B11: =SUM('AR Data'!F2:F21)/SUM('AR Data'!E2:E21) | D11: Customer | E11: Outstanding
D12: Northstar Realty Group | E12: =SUMIF('AR Data'!A2:A21,D12,'AR Data'!G2:G21)
D13: Crestwood Medical Group | E13: =SUMIF('AR Data'!A2:A21,D13,'AR Data'!G2:G21)
A14: Simulated Portfolio Project No actual client information is used. | D14: Pinnacle HR Solutions | E14: =SUMIF('AR Data'!A2:A21,D14,'AR Data'!G2:G21)
D15: BlueSky Tech Ventures | E15: =SUMIF('AR Data'!A2:A21,D15,'AR Data'!G2:G21)
D16: Rivera & Associates | E16: =SUMIF('AR Data'!A2:A21,D16,'AR Data'!G2:G21)
D17: Summit Growth Partners | E17: =SUMIF('AR Data'!A2:A21,D17,'AR Data'!G2:G21)
D18: Greenfield Law Group | E18: =SUMIF('AR Data'!A2:A21,D18,'AR Data'!G2:G21)
D19: Eastwood Capital Group | E19: =SUMIF('AR Data'!A2:A21,D19,'AR Data'!G2:G21)
D20: Harborview Dental | E20: =SUMIF('AR Data'!A2:A21,D20,'AR Data'!G2:G21)
D21: Maple Ridge Consulting | E21: =SUMIF('AR Data'!A2:A21,D21,'AR Data'!G2:G21)
D22: Evergreen Wellness Center | E22: =SUMIF('AR Data'!A2:A21,D22,'AR Data'!G2:G21)
D23: Silverline Logistics | E23: =SUMIF('AR Data'!A2:A21,D23,'AR Data'!G2:G21)
D24: Oak & Stone Design | E24: =SUMIF('AR Data'!A2:A21,D24,'AR Data'!G2:G21)
D25: PrimePath Advisors | E25: =SUMIF('AR Data'!A2:A21,D25,'AR Data'!G2:G21)
D26: Lakeshore Family Practice | E26: =SUMIF('AR Data'!A2:A21,D26,'AR Data'!G2:G21)
D27: Cedar Peak Solutions | E27: =SUMIF('AR Data'!A2:A21,D27,'AR Data'!G2:G21)
D28: Brightline Creative | E28: =SUMIF('AR Data'!A2:A21,D28,'AR Data'!G2:G21)
D29: MetroWorks Services | E29: =SUMIF('AR Data'!A2:A21,D29,'AR Data'!G2:G21)
D30: Hudson Valley Consulting | E30: =SUMIF('AR Data'!A2:A21,D30,'AR Data'!G2:G21)
D31: North Country Media | E31: =SUMIF('AR Data'!A2:A21,D31,'AR Data'!G2:G21)
